 Dungeon Crawl Stone Soup version 0.17.0-26-gececa24 (webtiles) character file.

130 Raultor the Changer (level 4, -3/35 HPs)
             Began as a Draconian Transmuter on Nov 19, 2015.
             Slain by Grinder (4 damage)
             ... on level 3 of the Dungeon.
             The game lasted 00:06:25 (2672 turns).

Raultor the Changer (Draconian Transmuter)          Turns: 2672, Time: 00:06:26

Health: -3/35      AC: 12    Str: 14    XL:     4   Next: 90%
Magic:  5/5        EV: 12    Int: 13    God:
Gold:   133        SH:  0    Dex: 11    Spells: 2 memorised, 2 levels left

rFire  . . .     SeeInvis .       - Unarmed
rCold  . . .     Clarity  .     (armour unavailable)
rNeg   . . .     SustAt   .     (no shield)
rPois  .         Gourm    .     (helmet restricted)
rElec  .         Spirit   .     h - +0 cloak
rCorr  .         Warding  .     e - +0 pair of gloves
rMut   .         Stasis   .     (no boots)
MR     .....                    (no amulet)
Stlth  +.........               (no ring)
                                t - +5 ring of protection

@: lethally poisoned (-3 -> -13), very slightly contaminated, hasted, very
quick, not resistant to hostile enchantments, very unstealthy
A: unfitting armour, low mp 2, slow regeneration 1, cold-blooded, AC +5
a: no special abilities


You were on level 3 of the Dungeon.
You were not hungry.

You visited 1 branch of the dungeon, and saw 3 of its levels.

You collected 133 gold pieces.

Inventory:

Missiles
 a - 12 arrows
Armour
 e - a +0 pair of gloves (worn)
 h - a +0 cloak (worn)
 o - a +2 shield
Jewellery
 t - a +5 ring of protection (left hand)
Scrolls
 d - a scroll of fog {unknown}
 f - a scroll of recharging {unknown}
 g - a scroll of enchant armour {unknown}
 i - 2 scrolls of noise {unknown}
 s - a scroll of immolation {unknown}
 u - a scroll of teleportation {unknown}
Potions
 p - a potion of curing
Books
 b - a book of Changes

   Spells                             Type                      Level
   a - Beastly Appendage              Transmutation                1
   b - Sticks to Snakes               Transmutation                2
   c - Spider Form                    Transmutation/Poison         3
   d - Ice Form                       Ice/Transmutation            4
   e - Blade Hands                    Transmutation                5
Comestibles
 c - 8 bread rations
 l - 2 meat rations
 m - a slice of pizza
 n - 4 chunks of flesh
 r - 2 fruits


   Skills:
 - Level 1.1 Fighting
 - Level 1.7 Dodging
 - Level 3.0 Unarmed Combat
 - Level 2.0 Spellcasting
 - Level 4.4 Transmutations
 + Level 2.2 Ice Magic


You had 2 spell levels left.
You knew the following spells:

 Your Spells              Type           Power        Failure   Level  Hunger
a - Beastly Appendage     Trmt           ##....       6%          1    ##.....
b - Ice Form              Ice/Trmt       #.......     75%         4    #####..


Dungeon Overview and Level Annotations

Branches:
Dungeon (3/15)

Altars:
Gozag
Okawaru

Annotations:
D:3 Grinder


Innate Abilities, Weirdness & Mutations

Your plain brown scales are hard (AC +5).
Your body does not fit into most forms of armour.
You are cold-blooded and may be slowed by cold attacks.
Your magical capacity is very low (-20% MP).
You regenerate slowly when monsters are visible.


Message History

You feel sick. Grinder gestures at you.
You suddenly lose the ability to move!
You are very lightly contaminated with residual magic.
You feel sick. Grinder hits you but does no damage.
You feel sick. Grinder hits you.
* * * LOW HITPOINT WARNING * * *
* * * LOW HITPOINT WARNING * * *
You feel sick. Grinder hits you but does no damage.
* * * LOW HITPOINT WARNING * * *
You feel sick. Grinder hits you.
* * * LOW HITPOINT WARNING * * *
You writhe in agony.
* * * LOW HITPOINT WARNING * * *
You can move again.
You hit Grinder but do no damage. You punch Grinder, but do no damage.
* * * LOW HITPOINT WARNING * * *
You feel sick. Grinder hits you but does no damage.
You barely miss Grinder.
Your tail-slap misses Grinder.
Grinder hits you.
You die...

#####
....##########
###..........#
############.##
.....>.#
#...############
.####..#
#...^.@5.......#
.# #..#
#...########8..8
.# #..####.#.#
### . .#
#.......#.# #.#
.# #.#######.#
#.# .# #.# #.#
#.# .# #.# #.#
#.# .# #.# #.#
#.# ###### .#
#.#######.#####.#
#.....


You could see Grinder.

Vanquished Creatures
  Jessica (D:2)
  Terence (D:3)
  An adder (D:1)
  A worm (D:2)
  A ball python (D:1)
  5 bats
  3 giant cockroaches
  3 goblins
  12 hobgoblins
  A quokka (D:3)
  10 giant newts
  5 kobolds
  33 rats
77 creatures vanquished.

Notes
Turn   | Place    | Note
--------------------------------------------------------------
     0 | D:1      | Raultor the Draconian Transmuter began the quest for the Orb.
     0 | D:1      | Reached XP level 1. HP: 16/16 MP: 3/3
    94 | D:1      | Reached XP level 2. HP: 2/23 MP: 5/5
  1253 | D:2      | Reached XP level 3. HP: 15/28 MP: 4/6
  1266 | D:2      | Noticed Jessica
  1531 | D:2      | Killed Jessica
  1531 | D:2      | Reached skill level 4 in Transmutations
  1531 | D:2      | Reached XP level 4. HP: 35/35 MP: 5/7
  1766 | D:2      | Learned a level 4 spell: Ice Form
  1998 | D:3      | Found an opulent altar of Gozag.
  2000 | D:3      | Found an iron altar of Okawaru.
  2215 | D:3      | Reached skill level 1 in Ice Magic
  2331 | D:3      | Noticed Terence
  2371 | D:3      | Killed Terence
  2654 | D:3      | Noticed Grinder
  2656 | D:3      | Paralysed by Grinder for 3 turns
  2664 | D:3      | Gained mutation: Your magical capacity is low (-10% MP). [potion of mutation]
  2664 | D:3      | Gained mutation: You regenerate slowly when monsters are visible. [potion of mutation]
  2664 | D:3      | Gained mutation: Your magical capacity is very low (-20% MP). [potion of mutation]
  2666 | D:3      | Paralysed by Grinder for 5 turns
  2671 | D:3      | HP: 1/35 [poison (a potion of poison)]
  2672 | D:3      | Slain by Grinder

Action                   |  1- 3 |  4- 6 || total
-------------------------+-------+-------++-------
Melee: Unarmed           |   139 |   161 ||   300
 Cast: Beastly Appendage |     4 |     8 ||    12
  Use: Potion            |       |     5 ||     5
 Stab: Sleeping          |     1 |       ||     1
  Eat: Chunk             |     1 |     3 ||     4
       Royal jelly       |       |     1 ||     1
